 Dungeon Crawl Stone Soup version 0.31-a0-854-g362426d53f (webtiles) character file.

Game seed: 8003944474748715182

7471 Kurtz the Cleaver (level 11, -6/93 HPs)
             Began as a Naga Delver on Oct 8, 2023.
             Was an Initiate of Gozag.
             Mangled by an air elemental (8 damage)
             ... while paralysed by an air elemental
             ... on level 2 of the Abyss.
             The game lasted 00:13:26 (8443 turns).

Kurtz the Cleaver (Naga Delver)                     Turns: 8443, Time: 00:13:27

Health: -6/93      AC: 19    Str: 16    XL:     11   Next: 15%
Magic:  11/11      EV:  1    Int: 12    God:    Gozag
Gold:   510        SH:  0    Dex: 14    Spells: 10/10 levels left

rFire   . . .        j - +2 broad axe (elec)
rCold   . . .        (no shield)
rNeg    . . .        d - +4 ring mail of True Grit {+Inv}
rPois   +            B - +1 helmet
rElec   .            (no cloak)
rCorr   .            y - +0 pair of gloves
SInv    +            (no barding)
Will    +....        (no amulet)
Stlth   +++          h - +4 ring of protection
HPRegen 0.00/turn    F - +4 ring of slaying
MPRegen 0.12/turn

%: no passive effects
@: paralysed, mighty, sick, very slow
A: AC +3, large, see invisible, deformed body, poison resistance, slowness 2,
spit poison 1, naga tail 1, no potion heal 1
a: Spit Poison, Renounce Religion, Evoke Invisibility, Potion Petition, Call
Merchant, Bribe Branch


You were on level 2 of the Abyss.
You worshipped Gozag.
Gozag was pleased with you.
You visited 2 branches of the dungeon, and saw 10 of its levels.
You visited the Abyss 1 time.
You also visited: Sewer and Bailey.

You collected 1424 gold pieces.
You paid 914 gold pieces to Gozag.

Inventory:

Hand Weapons
 a - a +0 hand axe
 j - a +2 broad axe of electrocution (weapon)
Missiles
 H - 15 poisoned darts
 M - 3 boomerangs
Armour
 d - the +4 ring mail of True Grit (worn) {+Inv}
   (You found it on level 3 of the Dungeon)

   +Inv:      It lets you turn invisible.
 y - a +0 pair of gloves (worn)
 B - a +1 helmet (worn)
Jewellery
 h - a +4 ring of protection (left hand)
 u - a +6 ring of dexterity
 F - a +4 ring of slaying (right hand)
 N - an amulet of regeneration
Wands
 g - a wand of digging (3)
 s - a wand of flame (15)
 t - a wand of acid (9)
 w - a wand of iceblast (2)
 x - a wand of mindburst (3) (quivered)
Scrolls
 b - a scroll of torment
 c - 3 scrolls of fog
 e - 2 scrolls of fear
 k - 2 scrolls of poison
 m - 3 scrolls of teleportation
 q - 3 scrolls of noise
 C - a scroll of blinking {unknown}
 E - a scroll of enchant weapon {unknown}
 G - a scroll of acquirement {unknown}
 L - a scroll of enchant armour {unknown}
Potions
 f - 4 potions of brilliance
 i - 4 potions of heal wounds
 n - 3 potions of might
 o - 3 potions of mutation
 p - 8 potions of enlightenment
 z - a potion of attraction
 A - 2 potions of cancellation {unknown}
 D - a potion of degeneration
 I - a potion of lignification
 J - 4 potions of magic {unknown}
 K - 2 potions of invisibility {unknown}


   Skills:
 - Level 4.7 Fighting
 * Level 14.0 Axes
 - Level 6.0 Armour
 - Level 4.0 Dodging
 - Level 7.2 Stealth


You had 10 spell levels left.
You didn't know any spells.
Your spell library contained the following spells:

 Spells                   Type           Power      Damage    Failure   Level
 Lesser Beckoning         Tloc           0%         N/A       65%         2
 Gell's Gravitas          Tloc           0%         N/A       86%         3
 Teleport Other           Tloc           0%         N/A       86%         3


Dungeon Overview and Level Annotations

Branches:
Dungeon (9/15)             Temple (1/1) D:5            Lair (0/5) D:8
  Sewer (visited)          Bailey (visited)
    Orc: D:9-12

Altars:
Ashenzari
Cheibriados
Elyvilon
Fedhas
Gozag
Hepliaklqana
Kikubaaqudgha
Makhleb
Nemelex Xobeh
Okawaru
Qazlal
Ru
Sif Muna
Trog
Uskayaw
Vehumet
Wu Jian
Xom
Yredelemnul
Zin
The Shining One

Shops:
D:6 (((

Annotations:
D:3 2 transporters, laschroeter's ghost, amateur HuFi
D:5 exclusion: downstairs
D:7 exclusion: upstairs


Innate Abilities, Weirdness & Mutations

Your serpentine skin is tough. (AC +3)
You have supernaturally acute eyesight. (SInv)
Armour fits poorly on your strangely shaped body.
Your system is resistant to poisons. (rPois)
You cover ground very slowly.
You can spit poison.
You have a snake-like lower body.
Potions are less effective at restoring your health.


Message History

You feel very mighty all of a sudden.
You completely miss the will-o-the-wisp.
You slash the will-o-the-wisp! You punch the will-o-the-wisp.
The will-o-the-wisp is heavily damaged.
The will-o-the-wisp gestures.
The will-o-the-wisp conjures some marshlight! 2 foxfires come into view.
You slash the will-o-the-wisp! Your punch misses the will-o-the-wisp.
The will-o-the-wisp is severely damaged.
You slash the foxfire! Lightning courses through the foxfire!!
The foxfire hits you! You resist. The foxfire hits you! You resist.
* * * LOW HITPOINT WARNING * * *
The will-o-the-wisp engulfs you!
* * * LOW HITPOINT WARNING * * *
You slice the will-o-the-wisp!!
You destroy the will-o-the-wisp!
Your Axes skill increases to level 14!
Unknown command.
Your resistance to elements expires.
You now have 504 gold pieces (gained 8).
You feel yourself slow down.
You float gracefully downwards.
You now have 510 gold pieces (gained 6).
Your enlightenment fades.
An air elemental comes into view.
You slash the air elemental!
The air elemental is heavily damaged.
The air elemental hits you but does no damage.
The air elemental barely misses you.
You slash the air elemental! You punch the air elemental.
The air elemental is almost destroyed.
The air elemental fires a burst of electricity at you.
The stunning burst hits you!
You suddenly lose the ability to move!
* * * LOW HITPOINT WARNING * * *
The air elemental hits you but does no damage.
The air elemental hits you.
* * * LOW HITPOINT WARNING * * *
The air elemental barely misses you. The air elemental hits you!
You die...
Your body crumbles into a pile of gold.

##... .v . v. .
##...... ...#.. . #
.............#... .
.... #..#....
....#. ...
#..#...E.........
.. .....##......
...# ..# . # .#
.... ... ... .
#..####.##.####..
.......##
..#.E@....... . .
.# ##.#...####.#.
.. ... ##
##........# . .
..#............#
.......#####......#
### ..# ..########
...... .. .. #....#
# #... ...


You could see an air elemental.

Vanquished Creatures
  A sixfirhy (Abyss:2)
  A will-o-the-wisp (Abyss:2)
  Maggie (D:7)
  A komodo dragon (D:8)
  An ancient zyme (Abyss:2)
  A slime creature (D:7)
  A wraith (D:8)
  Grum (D:9)
  9 yaks
  A neqoxec (Abyss:2)
  3 water moccasins
  4 orc warriors
  A sky beast (D:7)
  A black bear (D:8)
  3 ogres
  A wolf (D:9)
  5 centaurs
  2 phantoms
  A kobold brigand (D:7)
  3 bullfrogs (D:8)
  4 necrophages (D:8)
  3 scorpions
  A gnoll sergeant (D:9)
  5 wights (D:8)
  4 killer bees
  A howler monkey (D:5)
  2 centaur zombies (D:8)
  2 orc priests
  A hound (D:7)
  A gnoll bouda (D:6)
  An iguana (D:7)
  3 jellies
  2 sleepcaps
  Natasha (thrice) (D:2)
  2 orc wizards
  13 adders
  20 gnolls
  4 river rats (Sewer)
  A shadow imp (D:6)
  2 ufetubi
  2 worms
  3 dart slugs
  36 orcs
  12 bats
  8 endoplasms
  7 giant cockroaches
  9 goblins
  6 hobgoblins
  8 jackals
  2 quokkas
  9 ball pythons
  4 frilled lizards
  9 kobolds
  6 rats
238 creatures vanquished.

Vanquished Creatures (others)
  6 foxfires (Abyss:2)
6 creatures vanquished.

Grand Total: 244 creatures vanquished

Notes
Turn   | Place    | Note
-------+----------+-------------------------------------------
     0 | D:5      | Kurtz the Naga Delver began the quest for the Orb.
     0 | D:5      | Reached XP level 1. HP: 21/21 MP: 1/1
   120 | D:4      | Reached XP level 2. HP: 27/28 MP: 2/2
   186 | D:3      | Identified the +4 ring mail of True Grit {+Inv}
   230 | D:3      | Found a transporter.
   255 | D:3      | Found a glowing drain.
   262 | D:3      | Reached skill level 3 in Axes
   266 | D:3      | Reached XP level 3. HP: 34/34 MP: 3/3
   271 | Sewer    | Entered a sewer
   324 | Sewer    | Reached skill level 4 in Axes
   389 | Sewer    | Reached XP level 4. HP: 42/42 MP: 4/4
   571 | Sewer    | Reached skill level 5 in Axes
   571 | Sewer    | Reached XP level 5. HP: 48/49 MP: 5/5
  1361 | D:1      | Found a faded altar of an unknown god.
  1630 | D:2      | Noticed Natasha
  1640 | D:2      | Killed Natasha
  1722 | D:2      | Noticed Natasha
  1727 | D:2      | Killed Natasha
  1775 | D:2      | Reached skill level 6 in Axes
  1781 | D:2      | Reached XP level 6. HP: 56/56 MP: 6/6
  1806 | D:2      | Noticed Natasha
  1811 | D:2      | Found a shimmering altar of Xom.
  1816 | D:2      | Killed Natasha
  2052 | D:3      | Found a transporter.
  2058 | D:3      | Noticed laschroeter's ghost (amateur HuFi)
  2252 | D:3      | Found a hazy altar of Hepliaklqana.
  2407 | D:3      | Found a shimmering blue altar of Sif Muna.
  2408 | D:3      | Found a hide-covered altar of Uskayaw.
  2408 | D:3      | Found a radiant altar of Vehumet.
  2409 | D:3      | Found a stormy altar of Qazlal.
  2409 | D:3      | Found a broken altar of Ashenzari.
  2409 | D:3      | Found a snail-covered altar of Cheibriados.
  2411 | D:3      | Found an ancient bone altar of Kikubaaqudgha.
  2411 | D:3      | Found a sparkling altar of Nemelex Xobeh.
  2411 | D:3      | Found a glowing silver altar of Zin.
  2845 | D:5      | Noticed a water moccasin
  2857 | D:5      | Killed a water moccasin
  2858 | D:5      | Reached skill level 1 in Armour
  3015 | D:5      | Reached XP level 7. HP: 32/62 MP: 7/7
  3229 | D:5      | Found a staircase to the Ecumenical Temple.
  3284 | Temple   | Entered the Ecumenical Temple
  3317 | Temple   | Became a worshipper of Gozag Ym Sagoz the Greedy
  3835 | D:6      | Found Zoloar's Weapon Shoppe.
  3835 | D:6      | Found Jaumuson's Antique Weapon Shoppe.
  3835 | D:6      | Found Dewaita's Antique Weapon Shoppe.
  4075 | D:6      | Noticed a yak
  4076 | D:6      | Noticed a yak
  4076 | D:6      | Noticed a yak
  4087 | D:5      | Killed a yak
  4087 | D:5      | Killed a yak
  4088 | D:5      | Reached XP level 8. HP: 60/72 MP: 8/8
  4133 | D:6      | Killed a yak
  4249 | D:6      | Reached skill level 5 in Armour
  5421 | D:7      | Reached XP level 9. HP: 79/79 MP: 9/9
  5536 | D:7      | Reached skill level 7 in Axes
  5617 | D:7      | Noticed Maggie
  5624 | D:7      | Killed Maggie
  5772 | D:7      | Reached skill level 8 in Axes
  5835 | D:7      | Reached skill level 9 in Axes
  6090 | D:7      | Reached skill level 10 in Axes
  6121 | D:7      | Reached XP level 10. HP: 86/87 MP: 10/10
  6336 | D:8      | Reached skill level 11 in Axes
  6596 | D:8      | Found a flagged portal.
  6602 | Bailey   | Entered a bailey
  6856 | Bailey   | Reached skill level 12 in Axes
  7400 | D:8      | Found a staircase to the Lair.
  7492 | D:8      | Found a blossoming altar of Fedhas.
  8077 | D:9      | Noticed Grum
  8078 | D:9      | Noticed a wizard
  8099 | D:9      | Killed Grum
  8116 | D:9      | Reached skill level 13 in Axes
  8301 | Abyss:2  | Cast into level 2 of the Abyss (a wizard)
  8326 | Abyss:2  | Noticed a green draconian
  8334 | Abyss:2  | Gained mutation: Potions are less effective at restoring
                  | your health. [a neqoxec]
  8367 | Abyss:2  | Noticed a sixfirhy
  8385 | Abyss:2  | Killed a sixfirhy
  8386 | Abyss:2  | Reached XP level 11. HP: 21/93 MP: 11/11
  8404 | Abyss:2  | Noticed a will-o-the-wisp
  8432 | Abyss:2  | Killed a will-o-the-wisp
  8433 | Abyss:2  | Reached skill level 14 in Axes
  8442 | Abyss:2  | Paralysed by an air elemental for 1 turns
  8443 | Abyss:2  | HP: 2/93 [air elemental (5)]
  8443 | Abyss:2  | Mangled by an air elemental

Illustrated notes

Levels and vault maps discovered:
D:1:      roderic_chinese_lattice_arrival, layout_loops_ring,
          shapermc_ecumenical_altar_flowoftime
D:2:      layout_rooms, basic_altar, uniq_natasha
D:3:      layout_loops_ring, lemuel_crystal_altar, nicolae_overflows_in_rows,
          gup_sewer_entry_glass, gammafunk_ghost_stat_death
D:4:      layout_basic
D:5:      layout_loops_ring, minmay_temple_entry_enclosed_plants,
          patterned_corridor
D:6:      layout_rooms, grunt_ministairs_4, amcnicky_mini_rare_corridor_liquid,
          nicolae_shop_distant_corner_stores
D:7:      minmay_chambers_of_fours, layout_gridville, uniq_maggie
D:8:      layout_loops_ring, fedhas_altar_decomposition,
          grunt_lair_entry_orc_guard_hut, enter_bailey_4
D:9:      cheibrodos_wizards_tower, layout_basic,
          nicolae_dithmenos_the_darkroom, chequers_serial_rivers_large_a,
          uniq_grum, uniq_prince_ribbit1
Temple:   hellmonk_temple_beads
Abyss:2:  base: D:2, minivault_1

Skill      XL: |  1  2  3  4  5  6  7  8  9 10 11 |
---------------+----------------------------------+-----
Axes           | 3 4 5 6 10 13 14 | 14.0
Armour         | 2 4 5 6 |  6.0
Dodging        | 2 3 4 |  4.0
Fighting       | 4 |  4.7
Stealth        | |  7.2

Action                     |  1- 3 |  4- 6 |  7- 9 | 10-12 || total
---------------------------+-------+-------+-------+-------++-------
  Melee: Hand axe          |    18 |       |       |       ||    18
         Broad axe         |    27 |   160 |   149 |   234 ||   570
         Punch             |       |     1 |       |     6 ||     7
 Invoke: Potion Petition   |       |       |       |     2 ||     2
Ability: Spit Poison       |     1 |       |     3 |       ||     4
  Evoke: Wand              |       |       |     5 |    10 ||    15
    Use: Scroll            |     1 |       |       |    11 ||    12
         Potion            |       |       |       |     7 ||     7
   Stab: Sleeping          |     1 |    15 |     8 |    13 ||    37
         Distracted        |       |     1 |       |       ||     1
         Invisible         |       |       |       |     1 ||     1
 Armour: Leather armour    |    23 |       |       |       ||    23
         Ring mail         |    24 |   116 |   154 |   245 ||   539
  Dodge: Dodged            |    27 |    64 |   102 |   151 ||   344

Table legend: (Time is in decaauts)
 A = Elapsed time spent in this place.
 B = Non-inter-level travel time spent in this place.
 C = Inter-level travel time spent in this place.
 D = Time resting spent in this place.
 E = Time spent auto-exploring this place.
 F = Levels seen in this place.
 G = Mean time per level.
                   A        B        C        D        E       F      G
               +--------+--------+--------+--------+--------+-----+--------+
         Total |  10925 |   9596 |   1329 |   1093 |   6004 |  13 |  840.4 |
       Dungeon |   9491 |   8253 |   1238 |   1002 |   5334 |   9 | 1054.6 |
        Temple |     92 |      1 |     91 |      0 |      0 |   1 |   92.0 |
         Abyss |    156 |    156 |      0 |      3 |      0 |   1 |  156.0 |
         Sewer |    631 |    631 |      0 |      0 |    347 |   1 |  631.0 |
        Bailey |    553 |    553 |      0 |     87 |    322 |   1 |  553.0 |
               +--------+--------+--------+--------+--------+-----+--------+

Top non-repeatable levels by time:
     D:5: 1565 daAuts
     D:7: 1427 daAuts
     D:8: 1284 daAuts
     D:6: 1256 daAuts
     D:3: 1022 daAuts
     D:1: 1021 daAuts
     D:4: 786 daAuts
     D:2: 754 daAuts
   Sewer: 631 daAuts
  Bailey: 553 daAuts
     D:9: 374 daAuts
 Abyss:2: 156 daAuts
  Temple: 92 daAuts
